 Dungeon Crawl Stone Soup version 0.25-a0-292-gaa31f046c4 (webtiles) character file.

Game seed: 14697401608879709540, levelgen mode: deterministic

75 MoonlitKnight the Poker (level 4, -5/35 HPs)
             Began as a Merfolk Skald on Dec 15, 2019.
             Slain by an orc (7 damage)
             ... on level 3 of the Dungeon.
             The game lasted 00:03:41 (2477 turns).

MoonlitKnight the Poker (Merfolk Skald)             Turns: 2477, Time: 00:03:41

Health: -5/35      AC:  3    Str: 12    XL:     4   Next: 31%
Magic:  6/7        EV: 13    Int: 12    God:
Gold:   105        SH:  0    Dex: 13    Spells: 1/7 levels left

rFire    . . .     SeeInvis .   a - +0 spear
rCold    . . .     Gourm    .   (no shield)
rNeg     . . .     Faith    .   o - +0 leather armour
rPois    .         Spirit   .   (no helmet)
rElec    .         Reflect  .   (no cloak)
rCorr    .         Harm     .   (no gloves)
MR       .....                  (no boots)
Stlth    +.........             (no amulet)
HPRegen  0.11/turn              (no ring)
MPRegen  0.10/turn              (no ring)

@: no status effects
A: change form in water, swift swim, stealthy swim
a: no special abilities


You were on level 3 of the Dungeon.
You were not hungry.

You visited 1 branch of the dungeon, and saw 3 of its levels.

You collected 105 gold pieces.

Inventory:

Hand Weapons
 a - a +0 spear (weapon)
 b - a +0 hunting sling
Missiles
 n - 5 datura-tipped darts (quivered)
Armour
 o - a +0 leather armour (worn)
Jewellery
 i - a +4 ring of dexterity {unknown}
 p - an uncursed ring of stealth {unknown}
Scrolls
 e - 3 scrolls of identify {unknown}
 f - 5 scrolls of teleportation {unknown}
 g - 3 scrolls of remove curse {unknown}
 j - a scroll of noise {unknown}
 k - a scroll of blinking {unknown}
 s - a scroll of enchant armour {unknown}
Potions
 h - 2 potions of berserk rage {unknown}
 l - 2 potions of might {unknown}
 m - a potion of heal wounds {unknown}
 q - a potion of mutation {unknown}
 r - a potion of curing {unknown}
Comestibles
 c - 4 chunks of flesh
 d - 4 rations


   Skills:
 + Level 3.0 Fighting
 * Level 5.1 Polearms
 - Level 0.6 Armour
 + Level 3.7 Dodging
 - Level 2.0 Spellcasting
 - Level 3.2 Charms


You had one spell level left.
You knew the following spells:

 Your Spells              Type           Power        Failure   Level  Hunger
a - Infusion              Chrm           #...         9%          1    ##.....
b - Shroud of Golubria    Chrm/Tloc      #.....       26%         2    ###....
c - Spectral Weapon       Hex/Chrm       #.......     47%         3    ####...

Your spell library contained the following spells:

 Spells                   Type           Power        Failure   Level  Hunger
 Song of Slaying          Chrm           #.......     14%         2    ###....
 Regeneration             Chrm/Necr      #.........   47%         3    ####...


Dungeon Overview and Level Annotations

Branches:
Dungeon (3/15)

Altars:
Dithmenos
Xom
Zin

Annotations:
D:2 1 runed translucent door, Crazy Yiuf


Message History

The orc hits you.
* * * LOW HITPOINT WARNING * * *
Things that are here:
a +0 club; 3 boomerangs of dispersal; an orc corpse You hit the orc.
The orc is almost dead.
The orc hits you.
* * * LOW HITPOINT WARNING * * *
The orc throws a silver boomerang.
The silver boomerang barely misses you.
The weapon returns to the orc!
Things that are here:
a +0 mace; an orc corpse Throwing (i - inventory)
n - 6 datura-tipped darts (quivered)
Press: ? - help, Shift-Dir - straight line, f - orc
Aim: an orc, quivering 5 silver boomerangs (severely wounded, chance to frenzy on hit: 100%)
You throw a datura-tipped dart. The datura-tipped dart hits the orc.
The orc flies into a frenzy!
The orc is severely wounded.
The orc hits you!
You die...

#.# #.# .# #.#
#o## #)# ...#
#####.##...#
..##.#... #.##.#.#
####.##(.!# #
##....@o.%.###..#
#.<....รท...(....#
#..##.....%......
#..#######......#
#..# #...#.# ....
#.## # ..... .#
.##.## .# .. ..


You could see a neutral orc (insane).

Vanquished Creatures
  2 adders (D:2)
  2 worms
  3 dart slugs
  2 leopard geckos
  6 orcs
  3 goblins
  2 hobgoblins
  9 bats
  4 frilled lizards
  3 kobolds (D:1)
  5 rats
  A fungus (D:2)
42 creatures vanquished.

Vanquished Creatures (others)
  An orc (D:3)
1 creature vanquished.

Grand Total: 43 creatures vanquished

Notes
Turn   | Place    | Note
-------+----------+-------------------------------------------
     0 | D:1      | MoonlitKnight the Merfolk Skald began the quest for the
                  | Orb.
     0 | D:1      | Reached XP level 1. HP: 16/16 MP: 3/3
   193 | D:1      | Reached XP level 2. HP: 15/23 MP: 5/5
   909 | D:2      | Reached skill level 4 in Polearms
   916 | D:2      | Learned a level 2 spell: Shroud of Golubria
  1085 | D:2      | Reached XP level 3. HP: 28/28 MP: 6/6
  1109 | D:2      | Learned a level 3 spell: Spectral Weapon
  1265 | D:2      | Found a shadowy altar of Dithmenos.
  2106 | D:2      | Noticed an angel
  2107 | D:2      | Found a shimmering altar of Xom.
  2107 | D:2      | Found a glowing silver altar of Zin.
  2140 | D:2      | Reached XP level 4. HP: 26/35 MP: 2/7
  2358 | D:2      | Found a runed translucent door.
  2359 | D:2      | Noticed Crazy Yiuf
  2425 | D:3      | Reached skill level 5 in Polearms
  2477 | D:3      | Slain by an orc

Levels and vault maps discovered:
D:1:      dpeg_chamrin_arrival_tetris, layout_basic,
          hangedman_abyss_or_decor_lesser_grid
D:2:      layout_loops_ring, grunt_temple_overflow_order_and_chaos_1,
          lemuel_doored_altar, first_ration, wad_orctagon,
          uniq_crazy_yiuf_cottage
D:3:      layout_loops_ring, elyvilon_altar_5, nicolae_tso_carved_into_rock

Skill      XL: |  1  2  3  4 |
---------------+-------------+-----
Dodging        | 3 |  3.7
Polearms       | 4 5 |  5.1
Fighting       | 3 |  3.0
Armour         | |  0.6
Spellcasting   | |  2.0
Charms         | |  3.2

Action                   |  1- 3 |  4- 6 || total
-------------------------+-------+-------++-------
Melee: Spear             |   166 |    37 ||   203
Throw: Dart              |       |     2 ||     2
 Cast: Infusion          |     1 |     1 ||     2
  Eat: Chunk             |     4 |     1 ||     5
Armor: Leather armour    |    34 |     3 ||    37
Dodge: Dodged            |    68 |    13 ||    81

Table legend:
 A = Non-vault XP
 B = Vault XP
 C = Vault XP percentage of total XP
 D = Non-vault monster count
 E = Vault monster count
 F = Vault count percentage of total count
                 A         B        C        D         E       F
            +---------+---------+-------+---------+---------+-------
      Total |      96 |      12 |  11.1 |      37 |       4 |   9.8
            +---------+---------+-------+---------+---------+-------
        D:1 |      25 |       0 |   0.0 |      16 |       0 |   0.0
        D:2 |      57 |      12 |  17.4 |      16 |       4 |  20.0
        D:3 |      14 |       0 |   0.0 |       5 |       0 |   0.0
            +---------+---------+-------+---------+---------+-------
